 Dungeon Crawl Stone Soup version 0.29.1-13-g9f3cf754e1 (webtiles) character file.

Game seed: 558125541031013648

17565 cheesebisquit the Severer (level 12, -2/113 HPs)
             Began as a Minotaur Berserker on Jan 24, 2023.
             Was a Priest of Trog.
             Slain by an ettin
             ... wielding a +0 great mace
              (22 damage)
             ... on level 11 of the Dungeon on Jan 25, 2023.
             The game lasted 00:48:49 (10628 turns).

cheesebisquit the Severer (Minotaur Berserker)     Turns: 10628, Time: 00:48:50

Health: -2/113     AC: 26    Str: 27    XL:     12   Next: 20%
Magic:  11/11      EV: 11    Int:  4    God:    Trog [***...]
Gold:   447        SH:  8    Dex: 10    Spells: 11/11 levels left

rFire   . . .      SeeInvis .   M - +1 war axe (elec)
rCold   . . .      Faith    .   F - +0 kite shield
rNeg    . . .      Spirit   .   l - +1 plate armour
rPois   .          Reflect  .   E - +0 hat
rElec   .          Harm     .   (no cloak)
rCorr   .          Rampage  +   s - +2 pair of gloves {hurl}
Will    ++...                   w - +1 pair of boots {rampage}
Stlth   ..........              K - amulet of regeneration
HPRegen 2.08/turn               G - +4 ring of protection
MPRegen 0.12/turn               A - +4 ring of evasion

@: strong-willed, on berserk cooldown, regenerating, slowed, very slow
A: horns 2, retaliatory headbutt
a: Renounce Religion, Berserk, Trog's Hand


You were on level 11 of the Dungeon.
You worshipped Trog.
Trog was most pleased with you.
You visited 1 branch of the dungeon, and saw 11 of its levels.
You also visited: Bailey.

You collected 924 gold pieces.
You spent 477 gold pieces at shops.

Inventory:

Hand Weapons
 b - a +0 morningstar
 g - a +1 war axe of draining
 M - a +1 war axe of electrocution (weapon)
 N - a +2 great mace
Missiles
 q - 2 throwing nets
 t - a boomerang of dispersal
 y - 3 poisoned darts (quivered)
 B - 90 stones
Armour
 l - a +1 plate armour (worn)
 s - a +2 pair of gloves of hurling (worn)
 w - a +1 pair of boots of rampaging (worn)
 E - a +0 hat (worn)
 F - a +0 kite shield (worn)
Jewellery
 z - a ring of resist corrosion
 A - a +4 ring of evasion (right hand)
 G - a +4 ring of protection (left hand)
 K - an amulet of regeneration (around neck)
Wands
 u - a wand of iceblast (19)
 D - a wand of digging (12)
 I - a wand of polymorph (4)
 J - a wand of quicksilver (6)
 L - a wand of charming (2)
Scrolls
 c - 8 scrolls of enchant weapon
 j - 3 scrolls of vulnerability
 k - 4 scrolls of summoning
 m - 2 scrolls of poison
 n - a scroll of teleportation
 p - a scroll of immolation {unknown}
 v - 3 scrolls of enchant armour
 x - a scroll of noise {unknown}
Potions
 a - 4 potions of heal wounds
 d - 6 potions of curing
 e - 3 potions of might
 f - 4 potions of lignification
 h - 2 potions of haste
 i - 5 potions of magic
 o - 2 potions of resistance
 r - a potion of ambrosia
 C - 3 potions of mutation {unknown}
 H - a potion of degeneration {unknown}


   Skills:
 + Level 12.4 Fighting
 * Level 16.0 Axes
 + Level 12.1 Armour
 - Level 5.2 Dodging
 + Level 4.5 Shields


You had 11 spell levels left.
You didn't know any spells.
Your spell library was empty.

Dungeon Overview and Level Annotations

Branches:
Dungeon (11/15)            Temple (0/1) D:6            Lair (0/5) D:9
 Bailey (visited)
    Orc: D:9-12

Altars:
Cheibriados
Fedhas
Gozag
Nemelex Xobeh
Ru
Sif Muna
Trog
Wu Jian
The Shining One
Jiyva

Shops:
D:6 *[   D:11 (

Portals:
Trove: D:10 (give 5 potions of resistance)

Annotations:
D:10 treasure needs resistance potions


Innate Abilities, Weirdness & Mutations

You have a pair of horns on your head.
You reflexively headbutt those who attack you in melee.


Message History

You feel strong-willed. The manticore misses you. You furiously retaliate!
You headbutt the manticore.
The manticore claws you but does no damage.
The manticore claws you.
A frost giant comes into view.
It is wielding a +0 battleaxe of freezing.
The frost giant shouts!
You slash the manticore!
You headbutt the manticore, but do no damage.
The manticore is almost dead.
The manticore closely misses you. The manticore barely misses you.
You block the manticore's attack. The manticore bites you!
You block the manticore's attack.
The manticore claws you but does no damage.
You slash the ettin! Lightning courses through the ettin!!
You headbutt the ettin.
The ettin is heavily wounded.
You slash the manticore!
You kill the manticore!
Trog accepts your kill.
Your Axes skill increases to level 16!
You hit the ettin. You headbutt the ettin!
The ettin is severely wounded.
The ettin hits you with a +0 great mace.
The ettin barely misses you.
The cyclops throws a large rock.
You block the large rock.
You barely miss the ettin.
The ettin is severely wounded.
The ettin hits you with a +0 great mace!
The ettin hits you with a +0 dire flail!!!
You block the ettin's attack. The ettin barely misses you.
You slash the ettin!
The ettin is severely wounded.
The frost giant gestures at you while chanting.
The bolt of cold hits you!!
* * * LOW HITPOINT WARNING * * *
You hit the ettin but do no damage.
The ettin is severely wounded.
The ettin barely misses you.
The ettin hits you with a +0 dire flail!!
You die...

...#...################..........
#.....## ...##........# ##.#..#
...##........## ##.#..#
...##......#..# ##.#..# ...
#.###..#..# ##.#..# ..# #.#
#..#... .#.#..## ###..# #.#
#..#... .#.#...# ##.#..#
#.###...... ...##### ##.@C.#
............ .###### #.)C#.#
.#.#####....
......#########'####?............
......##.........##..########....
.......'.†.....####...<........##
.......#....####..#..#.......#.##
.......###### #..#............##
..........#### #..#.##..####.####
.......##....###..#.##..# #.# #


You could see a frost giant and an ettin.

Vanquished Creatures
  Gastronok (D:9)
  Erica (D:8)
  2 two-headed ogres
  2 centaur warriors (D:11)
  A death knight (D:11)
  Lodul (D:10)
  An orc knight (Bailey)
  An ugly thing (D:11)
  2 manticores (D:11)
  Maggie (D:6)
  Psyche (D:9)
  A troll (D:11)
  A hornet (D:8)
  3 slime creatures (D:11)
  4 wraiths
  A shadow (D:10)
  A wyvern (D:10)
  14 yaks
  A steam dragon (D:8)
  Menkaure (D:6)
  Edmund (D:5)
  2 acid dragons
  Duvessa (D:6)
  4 sky beasts (D:7)
  4 black bears
  12 orc warriors
  An ice beast (D:7)
  7 ogres
  4 centaurs
  2 phantoms
  A kobold brigand (D:7)
  Blork the orc (D:5)
  3 gnoll sergeants
  3 bullfrogs
  5 scorpions
  3 wights (D:9)
  Dowan (D:6)
  10 killer bees
  2 electric eels (D:11)
  2 howler monkeys (D:10)
  3 hounds
  4 jellies
  5 orc priests
  A gnoll bouda (D:8)
  4 iguanas
  9 orc wizards
  15 gnolls
  11 adders
  A white imp (D:8)
  An ufetubus (D:6)
  3 worms
  3 dart slugs
  53 orcs
  9 endoplasms
  10 goblins
  9 hobgoblins
  7 quokkas
  3 ball pythons
  3 bats
  A frilled lizard (D:1)
  9 kobolds
  7 rats
281 creatures vanquished.

Vanquished Creatures (collateral kills)
  A water moccasin (D:7)
  An orc wizard (D:7)
  An orc (D:7)
3 creatures vanquished.

Vanquished Creatures (others)
  23 fungi
  27 plants
50 creatures vanquished.

Grand Total: 334 creatures vanquished

Notes
Turn   | Place    | Note
-------+----------+-------------------------------------------
     0 | D:1      | cheesebisquit the Minotaur Berserker began the quest for
                  | the Orb.
     0 | D:1      | Reached XP level 1. HP: 19/19 MP: 0/0
   132 | D:1      | Reached XP level 2. HP: 20/27 MP: 1/1
   495 | D:1      | Reached skill level 4 in Axes
   973 | D:2      | Reached XP level 3. HP: 27/33 MP: 2/2
  1087 | D:2      | Found a sparkling altar of Nemelex Xobeh.
  1216 | D:2      | Found a faded altar of an unknown god.
  1644 | D:2      | Reached ** piety under Trog
  1645 | D:2      | Reached XP level 4. HP: 38/41 MP: 3/3
  2070 | D:3      | Found a snail-covered altar of Cheibriados.
  2785 | D:4      | Noticed a scorpion
  2793 | D:4      | Killed a scorpion
  2794 | D:4      | Reached XP level 5. HP: 47/47 MP: 4/4
  2854 | D:4      | Reached skill level 5 in Fighting
  2857 | D:4      | Reached skill level 5 in Axes
  3152 | D:4      | Reached XP level 6. HP: 56/56 MP: 5/5
  3847 | D:5      | Entered Level 5 of the Dungeon
  3877 | D:5      | Reached skill level 5 in Armour
  3877 | D:5      | Reached XP level 7. HP: 50/62 MP: 6/6
  4101 | D:5      | Noticed Edmund
  4113 | D:5      | Killed Edmund
  4114 | D:5      | Reached skill level 6 in Axes
  4252 | D:5      | Noticed Blork the orc
  4260 | D:5      | Killed Blork the orc
  4261 | D:5      | Reached skill level 5 in Dodging
  4761 | D:6      | Noticed Dowan
  4763 | D:6      | Noticed Duvessa
  4765 | D:6      | Killed Dowan
  4778 | D:6      | Reached XP level 8. HP: 55/71 MP: 7/7
  4779 | D:6      | Killed Duvessa
  4780 | D:6      | Reached skill level 7 in Axes
  5075 | D:6      | Noticed Menkaure
  5076 | D:6      | Noticed Maggie
  5083 | D:6      | Killed Menkaure
  5096 | D:6      | Killed Maggie
  5097 | D:6      | Reached skill level 8 in Axes
  5213 | D:6      | Found a staircase to the Ecumenical Temple.
  5316 | D:6      | Found a shimmering blue altar of Sif Muna.
  5417 | D:6      | Reached skill level 9 in Axes
  5422 | D:6      | Found Muwkioju's Armour Shop.
  5453 | D:6      | Bought a +0 pair of boots of rampaging for 172 gold pieces
  5590 | D:6      | Reached XP level 9. HP: 74/81 MP: 8/8
  5650 | D:6      | Found Juahymus's Assorted Antiques.
  5764 | D:6      | Bought a scroll of identify for 52 gold pieces
  5914 | D:7      | Found a flagged portal.
  5927 | Bailey   | Entered a bailey
  6042 | Bailey   | Reached skill level 10 in Axes
  6046 | Bailey   | Reached *** piety under Trog
  6271 | Bailey   | Noticed an orc knight
  6281 | Bailey   | Killed an orc knight
  6282 | Bailey   | Reached skill level 11 in Axes
  6613 | D:6      | Bought a golden ring for 130 gold pieces
  6695 | D:7      | Reached XP level 10. HP: 91/91 MP: 9/9
  6923 | D:7      | Reached skill level 12 in Axes
  6930 | D:7      | Found a glowing golden altar of the Shining One.
  7033 | D:7      | Found an opulent altar of Gozag.
  7033 | D:7      | Found a sacrificial altar of Ru.
  7684 | D:8      | Reached skill level 10 in Fighting
  7724 | D:8      | Noticed Erica
  7730 | D:8      | Killed Erica
  8002 | D:9      | Reached skill level 10 in Armour
  8009 | D:9      | Reached skill level 13 in Axes
  8011 | D:9      | Noticed a two-headed ogre
  8022 | D:9      | Killed a two-headed ogre
  8307 | D:9      | Noticed Psyche
  8307 | D:9      | Noticed Gastronok
  8315 | D:9      | Reached XP level 11. HP: 101/101 MP: 10/10
  8315 | D:9      | Killed Psyche
  8323 | D:9      | Killed Gastronok
  8324 | D:9      | Reached skill level 14 in Axes
  8432 | D:9      | Found a staircase to the Lair.
  8835 | D:9      | Reached **** piety under Trog
  8968 | D:10     | Entered Level 10 of the Dungeon
  9086 | D:10     | Reached skill level 1 in Shields
  9147 | D:10     | Noticed a two-headed ogre
  9156 | D:10     | Killed a two-headed ogre
  9157 | D:10     | Reached skill level 15 in Axes
  9331 | D:10     | Found a blossoming altar of Fedhas.
  9343 | D:10     | Noticed Lodul
  9356 | D:10     | Killed Lodul
  9410 | D:10     | Found a portal to a secret trove of treasure.
  9518 | D:10     | Found an ornate altar of the Wu Jian Council.
  9604 | D:10     | Found a bloodstained altar of Trog.
  9950 | D:11     | Found a viscous altar of Jiyva.
 10043 | D:11     | Found Awuacked's Antique Weapon Emporium.
 10231 | D:11     | Bought a glowing war axe for 123 gold pieces
 10281 | D:11     | Noticed a purple ugly thing
 10292 | D:11     | Killed a purple ugly thing
 10437 | D:11     | Noticed a death knight
 10450 | D:11     | Killed a death knight
 10451 | D:11     | Reached XP level 12. HP: 109/112 MP: 11/11
 10596 | D:11     | Noticed a centaur warrior
 10596 | D:11     | Noticed a centaur warrior
 10607 | D:11     | Killed a centaur warrior
 10609 | D:11     | Killed a centaur warrior
 10617 | D:11     | Noticed an ettin
 10621 | D:11     | Noticed a frost giant
 10624 | D:11     | Reached skill level 16 in Axes
 10628 | D:11     | Slain by an ettin

Illustrated notes

Levels and vault maps discovered:
D:1:      wheals_arrival_shading, layout_loops_ring
D:2:      layout_basic, basic_altar, hellmonk_ecumenical_altar_zigzags
D:3:      layout_rooms, cheibriados_altar_1, kennysheep_boxes
D:4:      layout_basic
D:5:      layout_basic, uniq_blork_the_orc, uniq_edmund
D:6:      layout_basic, led_sif_book, minmay_temple_entry_statues_pillars,
          serial_shops, shop, shop, kennysheep_generic_room_3, uniq_menkaure,
          uniq_maggie, uniq_duvessa
D:7:      layout_cave_pools, mainiacjoe_overflow_small_starburst,
          nicolae_gozag_seed_capital, nicolae_tso_swordbearing_angel,
          serial_park, serial_park_square3 [serial_park_minivault_5x5_6],
          serial_park_tiny_1, serial_park_square2, serial_park_square3
          [serial_park_minivault_5x5_6], enter_bailey_3
D:8:      layout_loops_ring, nicolae_grassy_gnolls, uniq_erica
D:9:      layout_long_grid, grunt_lair_entry_orc_guard_hut,
          corexii_corridor_pit, uniq_psyche, uniq_gastronok
D:10:     layout_loops_ring, mainiacjoe_overflow_catwalk,
          nicolae_wu_jian_glorious_leap, trog_book, nicolae_trove_entry_columns,
          hangedman_decor_diamond_cutter, uniq_lodul
D:11:     minmay_sliced_demisemicircle, layout_basic, serial_shops,
          nicolae_shop_statue_plus, jiyva_altar_1

Skill      XL: |  1  2  3  4  5  6  7  8  9 10 11 12 |
---------------+-------------------------------------+-----
Fighting       | 4 5 6 8 9 10 12 | 12.4
Axes           | 4 5 6 9 11 13 15 16 | 16.0
Armour         | 3 4 5 6 7 9 10 11 12 | 12.1
Dodging        | 3 4 5 |  5.2
Shields        | 3 4 |  4.5

Action                   |  1- 3 |  4- 6 |  7- 9 | 10-12 || total
-------------------------+-------+-------+-------+-------++-------
Melee: Hand axe          |    89 |   129 |    60 |       ||   278
       Headbutt          |    11 |    21 |    30 |    62 ||   124
       Punch             |       |     1 |     5 |     3 ||     9
       War axe           |       |       |   126 |   297 ||   423
Throw: Dart              |       |     2 |    10 |     5 ||    17
       Throwing net      |       |     2 |     1 |       ||     3
Invok: Trog's Hand       |       |     3 |    10 |    13 ||    26
       Berserk           |       |     2 |    10 |    11 ||    23
Evoke: Wand              |       |       |     5 |       ||     5
  Use: Potion            |       |     1 |       |     3 ||     4
       Scroll            |       |       |    17 |     1 ||    18
 Stab: Sleeping          |     2 |       |       |       ||     2
Armor: Animal skin       |    11 |       |       |       ||    11
       Ring mail         |    13 |    47 |    60 |       ||   120
       Plate armour      |       |       |    11 |   150 ||   161
Dodge: Dodged            |    62 |    86 |   129 |   161 ||   438
Block: Kite shield       |       |       |       |    42 ||    42
